 Dungeon Crawl Stone Soup version 0.32-a0-22-g6ae6769602 (webtiles) character file.

Game seed: 16478750267623856615

45 Hellonello the Changeling (level 3, -1/24 HPs)
             Began as an Octopode Shapeshifter on Jan 18, 2024.
             Killed from afar by an orc wizard (8 damage)
             ... with a magic dart
             ... on level 3 of the Dungeon.
             The game lasted 00:03:58 (1587 turns).

Hellonello the Changeling (Octopode Shapeshifter)   Turns: 1587, Time: 00:03:59

Health: -1/24      AC:  1    Str: 13    XL:     3   Next: 64%
Magic:  3/3        EV: 13    Int: 12    God:
Gold:   70         SH:  0    Dex: 13    Spells: 2/2 levels left

rFire   + . .        f - +0 dagger (venom)
rCold   . . .        (no shield)
rNeg    + . .        (helmet currently unavailable)
rPois   .            (no amulet)
rElec   .            d - ring of positive energy
rCorr   .            g - ring of protection from fire
SInv    .            (no ring)
Will    .....        (no ring)
Stlth   ++           (no ring)
HPRegen 0.24/turn    (no ring)
MPRegen 0.08/turn    (no ring)
                     (no ring)

%: no passive effects
@: beast-form
A: beast (slay +1), almost no armour, amphibious, 8 rings, camouflage 1,
gelatinous body 1, (nimble swimmer 1), tentacles
a: Begin Untransformation


You were on level 3 of the Dungeon.
You were a hulking beast.
You visited 1 branch of the dungeon, and saw 3 of its levels.

You collected 112 gold pieces.
You spent 42 gold pieces at shops.

Inventory:

Hand Weapons
 f - a +0 dagger of venom (weapon)
Jewellery
 d - a ring of positive energy (left tentacle)
 g - a ring of protection from fire (right tentacle)
Talismans
 b - a beast talisman (active)
 c - a flux talisman
Scrolls
 i - a scroll of poison {unknown}
Potions
 a - 2 potions of lignification
 e - 2 potions of curing
 h - a potion of mutation {unknown}
 j - a potion of invisibility {unknown}


   Skills:
 + Level 2.2 Fighting
 + Level 2.8 Dodging
 - Level 3.0 Unarmed Combat
 - Level 3.3 Shapeshifting


You had 2 spell levels left.
You didn't know any spells.
Your spell library was empty.

Dungeon Overview and Level Annotations

Branches:
Dungeon (3/15)

Altars:

Shops:
D:2 (*!


Innate Abilities, Weirdness & Mutations

You are a hulking beast.
Your limbs bulge with bestial killing power. (Slay +1)
You cannot wear most types of armour.
You are amphibious.
You can wear up to eight rings at the same time.
Your skin changes colour to match your surroundings (Stealth+).
Your rubbery body absorbs attacks. (AC +1, EV +1)
((You are camouflaged when in or above water. (Stealth+)))
You have tentacles for arms and can constrict up to eight enemies at once.


Message History

The orc is severely wounded.
You constrict the orc, but do no damage.
The orc hits you with a +0 hand axe.
You hit the orc.
You kill the orc!
You completely miss the orc. You grab the orc. You constrict the orc.
The orc misses you.
You hit the orc.
The orc is poisoned.
The orc is heavily wounded.
You constrict the orc. The orc hits you with a +0 hand axe.
You hit the orc.
The orc looks as sick as possible!
The orc is almost dead.
You constrict the orc.
You kill the orc!
You hit the orc but do no damage.
The orc is poisoned.
Your grab misses the orc. The orc closely misses you.
You closely miss the orc. You grab the orc. You constrict the orc.
You lose your grip on the orc.
You closely miss something. Your squeeze misses something. You miss something.
You tentacle-slap something. Something barely misses you.
You hit something but do no damage. Something hits you but does no damage.
You barely miss something. Something hits you.
You miss something.
You hear some strange, mumbled words.
A magic dart appears from out of thin air!
The magic dart hits you!
* * * LOW HITPOINT WARNING * * *
You feel better. Something hits you.
* * * LOW HITPOINT WARNING * * *
You feel better. Something hits you.
You miss something.
Your tentacle-slap misses something.
Something hits you.
You closely miss something. You squeeze something.
You kill the orc!
Something hits you.
* * * LOW HITPOINT WARNING * * *
You hit something but do no damage. Your squeeze misses something.
You hear some strange, mumbled words.
A magic dart appears from out of thin air!
The magic dart hits you!
You die...

#.#.##.#
#...##.# #+
#.####.# #.# #.#
#.# #.# #.####.#
##.## #......#
##...##
#.########.....
#.......#
#...########
#######.#
#..h{).....
#.####.#########
#......#
######.# #.# #.#
#.# #.# #.#


There were no monsters in sight!

Vanquished Creatures
  A ribbon worm (D:2)
  A dart slug (D:2)
  3 orcs (D:3)
  2 endoplasms (D:1)
  A giant cockroach (D:1)
  4 goblins
  2 hobgoblins (D:1)
  3 jackals (D:1)
  2 quokkas (D:1)
  4 ball pythons
  2 bats
  4 frilled lizards
  3 kobolds
  4 rats (D:1)
36 creatures vanquished.

Notes
Turn   | Place    | Note
-------+----------+-------------------------------------------
     0 | D:1      | Hellonello the Octopode Shapeshifter began the quest for
                  | the Orb.
     0 | D:1      | Reached XP level 1. HP: 13/13 MP: 1/1
   148 | D:1      | Reached XP level 2. HP: 18/18 MP: 2/2
   943 | D:2      | Found Kiragann's General Store.
   959 | D:1      | Reached XP level 3. HP: 18/24 MP: 3/3
  1089 | D:2      | Found Bixoogan's Antique Weapon Emporium.
  1345 | D:2      | Found Kaza's Distillery.
  1358 | D:2      | Bought a potion of curing for 42 gold pieces
  1582 | D:3      | HP: 1/24 [something/magic dart (8)]
  1587 | D:3      | Killed from afar by an orc wizard

Illustrated notes

Levels and vault maps discovered:
D:1:      dpeg_arrival_arbitrary_a, layout_basic
D:2:      layout_rooms, serial_shops, shop_statue, shop,
          nicolae_shop_hallway_stairs, minmay_misc_feat_four_crosses,
          hangedman_decor_peaks_small
D:3:      layout_loops_corners, gup_sewer_entry_bowl,
          shapermc_ecumenical_altar_hornbeckon

Skill      XL: |  1  2  3 |
---------------+----------+-----
Fighting       | 2 |  2.2
Dodging        | |  2.8
Unarmed Combat | |  3.0
Shapeshifting  | |  3.3

Action                     || total
---------------------------++-------
  Melee: Unarmed           ||    13
         Tentacles         ||    13
         Constrict         ||    13
         Dagger            ||    63
         Punch             ||     2
    Use: Scroll            ||     3
         Potion            ||     2
   Stab: Sleeping          ||     9
 Armour: Skin              ||    33
  Dodge: Dodged            ||    50
   Form: Beast             ||     1
         Flux              ||     1

Table legend: (Time is in decaauts)
 A = Elapsed time spent in this place.
 B = Non-inter-level travel time spent in this place.
 C = Inter-level travel time spent in this place.
 D = Time resting spent in this place.
 E = Time spent auto-exploring this place.
 F = Levels seen in this place.
 G = Mean time per level.
                   A        B        C        D        E       F      G
               +--------+--------+--------+--------+--------+-----+--------+
         Total |   1585 |   1544 |     41 |     39 |   1176 |   3 |  528.3 |
       Dungeon |   1585 |   1544 |     41 |     39 |   1176 |   3 |  528.3 |
               +--------+--------+--------+--------+--------+-----+--------+

Top non-repeatable levels by time:
     D:1: 972 daAuts
     D:2: 526 daAuts
     D:3: 86 daAuts
